 Dungeon Crawl Stone Soup version 0.30.0-10-gfe55d96785 (webtiles) character file.

Game seed: 3318799142379754786

60 Irreverend the Ruffian (level 3, -1/36 HPs)
             Began as a Troll Fighter on May 14, 2023.
             Slain by a gnoll
             ... wielding a +0 spear
              (4 damage)
             ... on level 2 of the Dungeon.
             The game lasted 00:01:19 (929 turns).

Irreverend the Ruffian (Troll Fighter)               Turns: 929, Time: 00:01:20

Health: -1/36      AC:  4    Str: 24    XL:     3   Next: 82%
Magic:  2/2        EV:  8    Int:  6    God:
Gold:   96         SH:  7    Dex:  9    Spells: 2/2 levels left

rFire   . .          .
                       - Unarmed
rCold   . . .        b - +0 kite shield
rNeg    . . .        a - +0 robe
rPois   .            (helmet restricted)
rElec   .            (no cloak)
rCorr   .            (gloves unavailable)
SInv    .            (boots unavailable)
Will    .....        (no amulet)
Stlth   +            (no ring)
HPRegen 1.06/turn    (no ring)
MPRegen 0.08/turn

%: no passive effects
@: no status effects
A: large, unfitting armour, claws 3, regeneration 1, shaggy fur 1, tough skin 1
a: no special abilities


You were on level 2 of the Dungeon.
You visited 1 branch of the dungeon, and saw 2 of its levels.

You collected 96 gold pieces.

Inventory:

Armour
 a - a +0 robe (worn)
 b - a +0 kite shield (worn)
Jewellery
 g - an amulet of guardian spirit
Scrolls
 e - a scroll of poison {unknown}
 f - a scroll of noise {unknown}
 i - a scroll of identify {unknown}
 j - a scroll of blinking {unknown}
 k - a scroll of fog {unknown}
 m - a scroll of vulnerability {unknown}
Potions
 c - a potion of might
 d - 3 potions of curing {unknown}
 h - 3 potions of haste {unknown}
 l - a potion of berserk rage {unknown}


   Skills:
 + Level 2.9 Fighting
 - Level 2.4 Dodging
 + Level 3.1 Shields
 * Level 3.3 Unarmed Combat


You had 2 spell levels left.
You didn't know any spells.
Your spell library was empty.

Dungeon Overview and Level Annotations

Branches:
Dungeon (2/15)

Altars:


Innate Abilities, Weirdness & Mutations

You are too large for most types of armour.
You have claws for hands.
Your natural rate of healing is unusually fast.
You are covered in fur. (AC +1)
You have tough skin. (AC +1)


Message History

You are too injured to fight recklessly!
You are too injured to fight recklessly!
You are too injured to fight recklessly!
You are too injured to fight recklessly!
You are too injured to fight recklessly!
You are too injured to fight recklessly!
You are too injured to fight recklessly!
You are too injured to fight recklessly!
You are too injured to fight recklessly!
You are too injured to fight recklessly!
You are too injured to fight recklessly!
You are too injured to fight recklessly!
You are too injured to fight recklessly!
You are too injured to fight recklessly!
You are too injured to fight recklessly!
You are too injured to fight recklessly!
You are too injured to fight recklessly!
You scratch the gnoll.
The gnoll is heavily wounded.
The gnoll hits you but does no damage. You block the gnoll's attack.
The gnoll hits you with a +0 flail!
You scratch the gnoll but do no damage.
The gnoll is moderately wounded.
You block the gnoll's attack.
The gnoll hits you from afar with a +2 heavy spear!
* * * LOW HITPOINT WARNING * * *
You scratch the gnoll.
The gnoll is heavily wounded.
The gnoll hits you with a +0 flail.
* * * LOW HITPOINT WARNING * * *
You closely miss the gnoll.
The gnoll is heavily wounded.
The gnoll barely misses you. The gnoll closely misses you.
You block the gnoll's attack.
You scratch the gnoll but do no damage.
The gnoll is heavily wounded.
The quokka bites you but does no damage.
The gnoll hits you but does no damage.
The gnoll hits you from afar with a +0 spear.
You die...

# . ######## .
.......##### .
#.....# <
#@###.###########.
......rg#
#.............
######gg#
##########..## #...
..##.......# #..#
#.#........## #.?#
#.#..~~~~...# #..#
#.#..~~~~⌠..#
#..####.#..~~~~...#
.>...............##


You could see 3 gnolls and a quokka.

Vanquished Creatures
  An adder (D:2)
  A gnoll (D:1)
  4 ball pythons (D:1)
  5 endoplasms
  3 giant cockroaches (D:1)
  4 goblins
  4 hobgoblins (D:1)
  3 kobolds
  3 quokkas
  2 bats (D:1)
  3 frilled lizards
  5 rats
38 creatures vanquished.

Notes
Turn   | Place    | Note
-------+----------+-------------------------------------------
     0 | D:1      | Irreverend the Troll Fighter began the quest for the Orb.
     0 | D:1      | Reached XP level 1. HP: 22/22 MP: 0/0
    32 | D:1      | Reached XP level 2. HP: 29/29 MP: 1/1
   157 | D:1      | Reached XP level 3. HP: 36/36 MP: 2/2
   927 | D:2      | HP: 1/36 [gnoll/+0 flail (4)]
   929 | D:2      | Slain by a gnoll

Illustrated notes

Levels and vault maps discovered:
D:1:      psy_arrival_terrarium, layout_basic
D:2:      layout_loops_ring, hellmonk_ecumenical_altar_dog_temple,
          serial_park_tiny_pond, minmay_tromino_v4_a

Skill      XL: |  1  2  3 |
---------------+----------+-----
Shields        | 3 |  3.1
Unarmed Combat | 3 |  3.3
Fighting       | |  2.9
Dodging        | |  2.4

Action                     || total
---------------------------++-------
  Melee: Unarmed           ||    95
   Stab: Sleeping          ||     1
 Armour: Robe              ||    27
  Dodge: Dodged            ||    31
  Block: Kite shield       ||    34
